AoeStats
← ySmplePat_

Arabia

509909966Analyzed
1v1 RM · 3d ago on Sep 28, 2026· 37m 51s· 2 players
Game mode
Random Map
Map size
Tiny (2 player)
Population
200
Speed
Normal
Resources
Standard
Victory
Conquest
Starting age
Dark Age
Ending age
Imperial Age
RankedLock teamsTeams togetherTeam positionsShared explorationLock speedFull tech treeHidden civsTurbo modeCheats
Victory
Defeat
🇨🇴 Saracens · Colombia
1251
+16
🇩🇪 Poles · Germany
1257
-16
ofespinelman
8:45 Loom
10:55 Feudal Age
11:44 Double-Bit Axe
17:41 Fletching
23:46 Castle Age
22:47 Scale Mail Armor
23:52 Crossbowman
24:38 Thumb Ring
24:07 Pikeman
26:03 Wheelbarrow
25:29 Bodkin Arrow
28:46 Bow Saw
30:03 Ballistics
36:02 Bloodlines
36:50 Scale Barding Armor
37:53 Chain Barding Armor
ySmplePat_
6:25 Loom
9:24 Feudal Age
10:00 Double-Bit Axe
9:56 Horse Collar
21:42 Castle Age
21:06 Bloodlines
21:04 Scale Barding Armor
21:10 Forging
26:05 Heavy Plow
26:15 Bow Saw
33:23 Wheelbarrow
35:30 Szlachta Privileges
36:04 Husbandry
37:02 Town Watch
Connection lost

Rejoining the realm…

Still unreachable

The connection could not be restored.

Session expired

The server has moved on; the page needs a fresh start.